[Event "Titled Tuesday Blitz August 23 Late 2022"]
[White "Salem, A.R. Saleh"]
[Black "Slugin, Sergey"]
[WhiteFideId "9301348"]
[BlackFideId "4122569"]
[WhiteElo "2674"]
[BlackElo "2330"]
[Result "1-0"]
[Round "03"]
[TimeControl "180+1"]
[Date "2022.08.23"]
[WhiteClock "0:00:23"]
[BlackClock "0:00:05"]

1. d4 Nf6 2. c4 g6 3. Nc3 d5 4. cxd5 Nxd5 5. e3 Bg7 6. Nge2 O-O 7. Nxd5 Qxd5 8. Nc3 Qd8 9. Be2 c5 10. d5 e6 11. e4 exd5 12. exd5 Nd7 13. O-O Nf6 14. Bf3 Bf5 15. g4 Bd7 16. d6 Rb8 17. Be3 Qc8 18. h3 Bc6 19. Re1 b6 20. g5 Nd7 21. Nd5 Bxd5 22. Qxd5 Re8 23. Bg4 Qd8 24. Bf4 Bxb2 25. Re7 Rxe7 26. dxe7 Qxe7 27. Qxd7 Qxd7 28. Bxd7 Rd8 29. Rd1 Bd4 30. Ba4 Kf8 31. Kf1 Rd5 32. h4 Rf5 33. Bd6+ Kg7 34. Rd2 h6 35. Bc2 Rf3 36. Kg2 Rc3 37. Be4 hxg5 38. hxg5 Rc1 39. Bc6 Re1 40. Bb8 Re7 41. a4 Be5 42. Re2 f6 43. f4 Bd6 44. Rxe7+ Bxe7 45. gxf6+ Kxf6 46. Bxa7 Bd8 47. Kf3 Bc7 48. Kg4 c4 49. Bb5 c3 50. Bd3 Kg7 51. a5 bxa5 52. Bd4+ Kf7 53. Bxc3 a4 54. Bb4 Kg7 55. Bc2 Kf7 56. Bxa4 Kg7 57. Bb3 Bxf4 58. Kxf4 g5+ 59. Kxg5 Kh8 60. Kf6 Kh7 61. Bd2 Kh8 62. Kf7 Kh7 63. Bc2+ Kh8 64. Bc3# 1-0


[Site "https://www.chess.com"]

[Event "Titled Tuesday Blitz August 23 Late 2022"]
[White "Sarana, Alexey"]
[Black "Pakleza, Zbigniew"]
[WhiteFideId "24133795"]
[BlackFideId "1119290"]
[WhiteElo "2666"]
[BlackElo "2411"]
[Result "1-0"]
[Round "03"]
[TimeControl "180+1"]
[Date "2022.08.23"]
[WhiteClock "0:00:37"]
[BlackClock "0:00:01"]

1. d4 d5 2. c4 c6 3. Nf3 Nf6 4. Nc3 Qb6 5. e3 Bf5 6. Be2 e6 7. Nh4 Be4 8. O-O Be7 9. f3 Bg6 10. Qb3 Nbd7 11. Bd2 Qxb3 12. axb3 Bc2 13. cxd5 Nxd5 14. g3 Bxb3 15. Rfc1 f5 16. Ng2 g5 17. e4 N5b6 18. Ne3 O-O 19. Bd3 f4 20. gxf4 gxf4 21. Ng4 h5 22. Nf2 e5 23. Ne2 Bf6 24. Ra5 exd4 25. Bxf4 c5 26. Bd6 Rfc8 27. Bxc5 Nxc5 28. Raxc5 Rxc5 29. Rxc5 Rc8 30. Rxh5 a6 31. e5 Bg7 32. Nxd4 Bd5 33. Nf5 Bxf3 34. Ne7+ Kf7 35. Nxc8 Bxh5 36. Nxb6 Bxe5 37. b3 Bd4 38. Nc4 Ke6 39. Kg2 b5 40. Nd2 Kd6 41. Nf3 Bb6 42. Ne4+ Kc6 43. Nf6 1-0


[Site "https://www.chess.com"]

[Event "Titled Tuesday Blitz August 23 Late 2022"]
[White "Stanojoski, Zvonko"]
[Black "Makarian, Rudik"]
[WhiteFideId "15000257"]
[BlackFideId "44105681"]
[WhiteElo "2364"]
[BlackElo "2403"]
[Result "0-1"]
[Round "03"]
[TimeControl "180+1"]
[Date "2022.08.23"]
[WhiteClock "0:00:29"]
[BlackClock "0:00:15"]

1. e4 c6 2. d4 d5 3. Nd2 dxe4 4. Nxe4 Nf6 5. Nxf6+ exf6 6. c3 Bd6 7. Bd3 O-O 8. Qc2 Re8+ 9. Ne2 h5 10. O-O h4 11. h3 Na6 12. Bf4 Nc7 13. Bxd6 Qxd6 14. Rae1 b5 15. Nc1 Be6 16. Bf5 Bc4 17. Bd3 Nd5 18. b3 Bxd3 19. Nxd3 g6 20. Qd2 Kg7 21. Rxe8 Rxe8 22. Re1 Rxe1+ 23. Qxe1 Qa3 24. Qd2 a5 25. c4 bxc4 26. bxc4 Nb6 27. Qc2 a4 28. c5 Nd5 29. Qc4 Nc3 30. Nb4 Qc1+ 31. Kh2 Qf4+ 32. Kg1 Qc1+ 33. Kh2 Qd2 34. Nd3 a3 35. d5 Nxd5 36. Qb3 Nf4 37. Nxf4 Qxf4+ 38. Kg1 Qc1+ 39. Kh2 Qxc5 40. Kg1 Qc1+ 41. Kh2 Qb2 42. Qc4 Qxf2 43. Qxc6 Qxa2 44. Qa4 Qb2 45. Qxh4 Qe5+ 0-1


[Site "https://www.chess.com"]

[Event "Titled Tuesday Blitz August 23 Late 2022"]
[White "Suder, Jakub"]
[Black "Nakamura, Hikaru"]
[WhiteFideId "1195310"]
[BlackFideId "2016192"]
[WhiteElo "2095"]
[BlackElo "2850"]
[Result "0-1"]
[Round "03"]
[TimeControl "180+1"]
[Date "2022.08.23"]
[WhiteClock "0:00:46"]
[BlackClock "0:01:20"]

1. d4 g6 2. c4 Bg7 3. Nc3 c5 4. d5 Bxc3+ 5. bxc3 f5 6. e4 fxe4 7. f3 e5 8. fxe4 Qh4+ 9. Kd2 d6 10. Qe1 Qxe1+ 11. Kxe1 Nf6 12. Bd3 h6 13. a4 Kf7 14. Nf3 Kg7 15. a5 Nbd7 16. Ke2 b6 17. axb6 Nxb6 18. Be3 a5 19. Rhb1 Nfd7 20. Nd2 a4 21. Bc2 Ra7 22. Kd3 Bb7 23. Bd1 Rha8 24. Bg4 Bc8 25. Bxd7 Nxd7 26. Rf1 a3 27. Ra2 Ra4 28. Rfa1 Nb6 29. Rb1 Nxc4 30. Nxc4 Ba6 31. Rf2 Bxc4+ 32. Kc2 R4a7 33. Bc1 a2 34. Ra1 Rb7 35. g4 Rb1 36. Bb2 Rb8 37. Rxb1 Bd3+ 0-1


[Site "https://www.chess.com"]

[Event "Titled Tuesday Blitz August 23 Late 2022"]
[White "Taichman, Ori"]
[Black "Bacrot, Etienne"]
[WhiteFideId "2804069"]
[BlackFideId "605506"]
[WhiteElo "2227"]
[BlackElo "2673"]
[Result "0-1"]
[Round "03"]
[TimeControl "180+1"]
[Date "2022.08.23"]
[WhiteClock "0:00:02"]
[BlackClock "0:00:05"]

1. e4 c5 2. b3 Nf6 3. e5 Nd5 4. Bb2 Nc6 5. g3 e6 6. Bg2 b6 7. c4 Nde7 8. Ne2 Bb7 9. d4 cxd4 10. Nxd4 Qb8 11. Nb5 Nf5 12. O-O a6 13. Nd6+ Nxd6 14. exd6 Qxd6 15. Qxd6 Bxd6 16. Bxg7 Rg8 17. Bb2 b5 18. Nd2 f5 19. Rac1 O-O-O 20. Rfd1 Bc7 21. cxb5 axb5 22. a4 bxa4 23. bxa4 d5 24. Nb3 Ba8 25. Nd4 Nxd4 26. Rxd4 f4 27. Rxf4 Rd7 28. Be5 Kd8 29. Bxc7+ Rxc7 30. Rxc7 Kxc7 31. Rf7+ Kd6 32. Rxh7 d4 33. Bxa8 Rxa8 34. Rb7 Rxa4 35. Rb1 Kd5 36. Kf1 e5 37. Ke2 Ra2+ 38. Ke1 Ke4 39. Rd1 Kf3 40. Rd3+ Kg2 41. h4 Rxf2 42. h5 Rf1+ 43. Ke2 Rh1 44. g4 Rh4 45. Rd2 Kg3 46. Kd3 Rxg4 47. Rh2 Kxh2 0-1


[Site "https://www.chess.com"]

[Event "Titled Tuesday Blitz August 23 Late 2022"]
[White "Tari, Aryan"]
[Black "Ostrovskiy, Aleksandr"]
[WhiteFideId "1510045"]
[BlackFideId "2034239"]
[WhiteElo "2612"]
[BlackElo "2340"]
[Result "1-0"]
[Round "03"]
[TimeControl "180+1"]
[Date "2022.08.23"]
[WhiteClock "0:01:06"]
[BlackClock "0:00:41"]

1. e4 d5 2. exd5 Nf6 3. d4 Bg4 4. Be2 Bxe2 5. Nxe2 Qxd5 6. O-O Nc6 7. Nbc3 Qh5 8. Nf4 Qxd1 9. Rxd1 O-O-O 10. Be3 e6 11. a3 Bd6 12. Nfe2 Nd5 13. Ne4 Be7 14. Bd2 Nf6 15. Ng5 Rhf8 16. Nf3 h6 17. c4 Ne4 18. Be3 g5 19. h3 f5 20. d5 f4 21. dxc6 fxe3 22. cxb7+ Kxb7 23. fxe3 Bc5 24. Ned4 e5 25. Nxe5 Nf2 26. Rf1 Rxd4 27. exd4 Bxd4 28. Nf3 Nxh3+ 29. Kh2 1-0


[Site "https://www.chess.com"]

[Event "Titled Tuesday Blitz August 23 Late 2022"]
[White "Tica, Sven"]
[Black "Howell, David W L"]
[WhiteFideId "14526948"]
[BlackFideId "410608"]
[WhiteElo "2350"]
[BlackElo "2559"]
[Result "0-1"]
[Round "03"]
[TimeControl "180+1"]
[Date "2022.08.23"]
[WhiteClock "0:00:10"]
[BlackClock "0:00:34"]

1. e4 e6 2. b3 d5 3. Bb2 Nf6 4. e5 Nfd7 5. f4 c5 6. Qg4 Nc6 7. Nf3 g6 8. Be2 Be7 9. O-O a6 10. Nc3 b5 11. Rae1 h5 12. Qg3 c4 13. Nxd5 exd5 14. e6 Nf6 15. exf7+ Kxf7 16. Ne5+ Nxe5 17. fxe5 Bf5 18. exf6 Bxf6 19. Bxf6 Qxf6 20. Qc7+ Kf8 21. Bf3 Rc8 22. Qb7 Qd6 23. Bxd5 Rc7 24. Rxf5+ gxf5 25. Qb8+ Kg7 26. Re8 Rxe8 27. Qxe8 Qxd5 28. Qxh5 Qd4+ 29. Kf1 Qf4+ 30. Kg1 Qd4+ 31. Kf1 Qg4 32. Qe8 Qf4+ 33. Kg1 Qd4+ 34. Kf1 Qa1+ 35. Ke2 Qf6 36. Qh5 Re7+ 37. Kf1 Qa1+ 38. Kf2 Qe1+ 39. Kf3 Qe2+ 0-1


[Site "https://www.chess.com"]

[Event "Titled Tuesday Blitz August 23 Late 2022"]
[White "Uskov, Artem"]
[Black "Jones, Gawain C B"]
[WhiteFideId "34254854"]
[BlackFideId "409561"]
[WhiteElo "2335"]
[BlackElo "2657"]
[Result "0-1"]
[Round "03"]
[TimeControl "180+1"]
[Date "2022.08.23"]
[WhiteClock "0:00:04"]
[BlackClock "0:00:05"]

1. Nf3 Nf6 2. g3 g6 3. Bg2 c5 4. O-O Bg7 5. d3 Nc6 6. Nbd2 O-O 7. c4 d5 8. a3 Rb8 9. Rb1 dxc4 10. Nxc4 Nd5 11. e4 Nc7 12. a4 Bg4 13. h3 Bxf3 14. Bxf3 Ne6 15. Bg2 Ne5 16. Nxe5 Bxe5 17. b4 cxb4 18. Rxb4 a5 19. Rb5 Bg7 20. Be3 b6 21. d4 Nc7 22. Rb1 e6 23. d5 exd5 24. Bxb6 Qd6 25. Bxc7 Qxc7 26. exd5 Be5 27. Rc1 Qd7 28. Rc6 Rb4 29. Qe2 Bd6 30. Qa6 Rd8 31. Qxa5 Rd4 32. Qb5 Rb4 33. Qa6 Be5 34. a5 Rdb8 35. Qe2 Bd4 36. a6 h5 37. d6 Kg7 38. Qe7 Qf5 39. d7 Rb1 40. Qe2 Qxd7 41. Rxb1 Rxb1+ 42. Kh2 Rb2 43. Qd3 Rxf2 44. Rc4 Rxg2+ 45. Kxg2 Qd5+ 46. Kf1 Qh1+ 47. Ke2 Qg2+ 48. Kd1 Bf6 49. Re4 Qxh3 50. a7 Qh1+ 51. Kc2 Qa1 0-1


[Site "https://www.chess.com"]

[Event "Titled Tuesday Blitz August 23 Late 2022"]
[White "Vasquez Schroeder, Rodrigo"]
[Black "Odegov, Artem"]
[WhiteFideId "3400042"]
[BlackFideId "34183644"]
[WhiteElo "2567"]
[BlackElo "2286"]
[Result "1/2-1/2"]
[Round "03"]
[TimeControl "180+1"]
[Date "2022.08.23"]
[WhiteClock "0:00:32"]
[BlackClock "0:00:43"]

1. e4 e6 2. d4 d5 3. Nc3 Bb4 4. e5 c5 5. Bd2 Ne7 6. Nb5 Bxd2+ 7. Qxd2 O-O 8. c3 Nbc6 9. f4 Bd7 10. dxc5 f6 11. exf6 Rxf6 12. Nf3 Ng6 13. g3 Qf8 14. b4 Kh8 15. Bd3 e5 16. Bxg6 Rxg6 17. Nc7 Rd8 18. Nxd5 Be6 19. c4 exf4 20. Qxf4 Bxd5 21. Qxf8+ Rxf8 22. cxd5 Nxb4 23. O-O Rgf6 24. Ne5 Rxf1+ 25. Rxf1 Rxf1+ 26. Kxf1 Nxd5 27. c6 bxc6 28. Nxc6 a6 29. a4 a5 30. Nxa5 Nb6 31. Nc6 Nxa4 32. Kf2 Nc5 33. Kf3 Kg8 1/2-1/2


[Site "https://www.chess.com"]

[Event "Titled Tuesday Blitz August 23 Late 2022"]
[White "Weetik, Vjacheslav"]
[Black "Bok, Benjamin"]
[WhiteFideId "4153472"]
[BlackFideId "1017063"]
[WhiteElo "2469"]
[BlackElo "2658"]
[Result "0-1"]
[Round "03"]
[TimeControl "180+1"]
[Date "2022.08.23"]
[WhiteClock "0:01:17"]
[BlackClock "0:00:45"]

1. d4 Nf6 2. c4 e6 3. g3 Bb4+ 4. Bd2 Be7 5. Nf3 d5 6. Bg2 O-O 7. O-O Nbd7 8. Qc2 c6 9. Bf4 a5 10. Rd1 h6 11. Nc3 dxc4 12. Ne5 Nxe5 13. dxe5 Nd5 14. e4 Nb4 15. Qe2 Nd3 16. b3 b5 17. bxc4 bxc4 18. Qg4 Qc7 19. Bxh6 Qxe5 20. Bd2 Bc5 21. Rf1 Bd4 22. Rac1 Nxc1 23. Rxc1 Qf6 24. Kh1 Qxf2 25. Bh6 Bxc3 26. h4 Be5 27. Kh2 Qxg3+ 28. Qxg3 Bxg3+ 29. Kxg3 gxh6 30. Rxc4 Bd7 0-1


[Site "https://www.chess.com"]

[Event "Titled Tuesday Blitz August 23 Late 2022"]
[White "Yanchenko, Roman"]
[Black "Pinheiro, Iung Alicio de O."]
[WhiteFideId "4137329"]
[BlackFideId "2104350"]
[WhiteElo "2514"]
[BlackElo "2283"]
[Result "0-1"]
[Round "03"]
[TimeControl "180+1"]
[Date "2022.08.23"]
[WhiteClock "0:00:02"]
[BlackClock "0:00:07"]

1. d4 Nf6 2. c4 g6 3. Nf3 Bg7 4. Nc3 d5 5. Bf4 c5 6. dxc5 O-O 7. cxd5 Qa5 8. Be5 Nbd7 9. Qd4 Nxe5 10. Nxe5 Nd7 11. f4 Qc7 12. d6 exd6 13. cxd6 Qa5 14. b4 Nxe5 15. bxa5 Nf3+ 16. gxf3 Bxd4 17. Rc1 Be6 18. e4 Be3 19. Rd1 Bxf4 20. Nd5 Be5 21. Nc7 Rad8 22. Nxe6 fxe6 23. Bc4 Rxf3 24. Bxe6+ Kg7 25. d7 Re3+ 26. Kf2 Rxe4 27. Rde1 Rf4+ 28. Kg2 Bb8 29. Bh3 Rff8 30. Re7+ Kh6 31. Rhe1 Bc7 32. Re8 Kg7 33. R1e7+ Kf6 34. Re6+ Kg5 35. Rxf8 Rxf8 36. Re8 Rf4 37. d8=Q+ Bxd8 38. Rxd8 Ra4 39. Be6 Rxa5 40. Rd5+ Rxd5 41. Bxd5 b6 42. Bc4 Kf4 43. Kf2 g5 44. Ba6 h5 45. a4 g4 46. Bb7 h4 47. Ke2 Ke5 48. Ke3 Kf5 0-1


[Site "https://www.chess.com"]

[Event "Titled Tuesday Blitz August 23 Late 2022"]
[White "Zhigalko, Sergei"]
[Black "Kambrath, Yannick"]
[WhiteFideId "13502956"]
[BlackFideId "20632525"]
[WhiteElo "2662"]
[BlackElo "2236"]
[Result "1-0"]
[Round "03"]
[TimeControl "180+1"]
[Date "2022.08.23"]
[WhiteClock "0:00:16"]
[BlackClock "0:00:02"]

1. e4 c5 2. Nf3 e6 3. c3 Nf6 4. e5 Nd5 5. Bc4 b6 6. O-O Ba6 7. d3 Be7 8. Nbd2 O-O 9. Ne4 f5 10. exf6 Nxf6 11. Ng3 Bb7 12. Re1 Nc6 13. a4 Qc7 14. Ba2 Kh8 15. h3 Bd6 16. Ne4 Nxe4 17. dxe4 Ne5 18. Nxe5 Bxe5 19. Be3 Rf7 20. Qg4 Raf8 21. Rad1 Bc6 22. a5 Bh2+ 23. Kh1 Bf4 24. axb6 axb6 25. f3 Be5 26. Bg5 Qa7 27. Bb3 Bb8 28. Bc2 Qc7 29. e5 Rxf3 30. Qh5 h6 31. Bxh6 Kg8 32. Bxg7 Rg3 33. Qh7+ Kf7 34. Bf6+ Ke8 35. Qe7# 1-0


[Site "https://www.chess.com"]

[Event "Titled Tuesday Blitz August 23 Late 2022"]
[White "Abdrlauf, Elham"]
[Black "Kosteniuk, Alexandra"]
[WhiteFideId "1533533"]
[BlackFideId "4128125"]
[WhiteElo "2430"]
[BlackElo "2469"]
[Result "1-0"]
[Round "04"]
[TimeControl "180+1"]
[Date "2022.08.23"]
[WhiteClock "0:00:02"]
[BlackClock "0:00:01"]

1. e4 e5 2. Nc3 Nc6 3. Bc4 Nf6 4. d3 Bb4 5. Nf3 d5 6. exd5 Nxd5 7. O-O Nxc3 8. bxc3 Be7 9. Re1 O-O 10. Rb1 Bf6 11. Ba3 Re8 12. Nd2 Na5 13. Qf3 Nxc4 14. Nxc4 Rb8 15. Na5 Be6 16. Nxb7 Qc8 17. Nc5 Rxb1 18. Rxb1 Bxa2 19. Ra1 Be6 20. Ne4 Bd8 21. Bb4 a6 22. Nc5 Bg4 23. Qc6 Be7 24. h3 Bxc5 25. Bxc5 Be6 26. Qxa6 Qxa6 27. Rxa6 Rb8 28. Ra7 f6 29. Be3 Rb2 30. Rxc7 Rxc2 31. d4 exd4 32. Bxd4 Bd5 33. Rd7 Be6 34. Re7 Bd5 35. h4 h5 36. Rc7 Be6 37. Kh2 Bd5 38. Kg3 Kf8 39. Rc8+ Kf7 40. Rc5 Ke6 41. Rc7 g5 42. hxg5 fxg5 43. Rg7 h4+ 44. Kg4 Bxg2 45. Rxg5 h3 46. Kg3 Rc1 47. Re5+ Kd6 48. Rh5 Rc2 49. Rh6+ Kd5 50. Rh5+ Kd6 51. Rh8 Kd5 52. f4 Bf1 53. f5 Rg2+ 54. Kf3 Rg5 55. Kf4 Rg2 56. f6 Ke6 57. Rxh3 Rf2+ 58. Bxf2 Bxh3 59. Bd4 Bf1 60. Kg5 Bd3 61. Kh6 Kf7 62. Kg5 Ke6 63. Kf4 Bc4 64. Ke4 Bd5+ 65. Kd3 Kd6 66. c4 Bf7 67. Kc3 Kc6 68. Kb4 Be6 69. c5 Bf7 70. Kc3 Kd5 71. Kd3 Bg6+ 72. Ke3 Bf7 73. Kf4 Kc6 74. Kg5 Kd5 75. Kh6 Ke6 76. Kg7 Be8 77. Be3 1-0


[Site "https://www.chess.com"]

[Event "Titled Tuesday Blitz August 23 Late 2022"]
[White "Al-Tarboush, Ward"]
[Black "Fawzy, Adham"]
[WhiteFideId "7601450"]
[BlackFideId "10613129"]
[WhiteElo "2234"]
[BlackElo "2541"]
[Result "1/2-1/2"]
[Round "04"]
[TimeControl "180+1"]
[Date "2022.08.23"]
[WhiteClock "0:00:03"]
[BlackClock "0:00:13"]

1. e4 c5 2. Nf3 Nc6 3. d4 cxd4 4. Nxd4 e5 5. Nb5 d6 6. c4 a6 7. N5c3 Be7 8. Nd5 Be6 9. Nbc3 Nf6 10. Be3 O-O 11. f3 Nd4 12. Bxd4 exd4 13. Qxd4 Nxd5 14. cxd5 Bh4+ 15. g3 Bf6 16. Qd2 Bd7 17. Bd3 Qb6 18. h4 Rac8 19. Kf1 Rc7 20. Kg2 Rfc8 21. Rac1 Qb4 22. a3 Qa5 23. Rc2 Bxc3 24. bxc3 Rxc3 25. Rxc3 Qxc3 26. Qxc3 Rxc3 27. Be2 Rxa3 28. Rc1 Ra2 29. Kf1 Be8 30. Rc8 Kf8 31. Rb8 b5 32. Ra8 Ke7 33. Ra7+ Bd7 34. Bxb5 Ra1+ 35. Kf2 Ra2+ 36. Ke3 axb5 37. Rxa2 g6 38. Kd4 h6 39. f4 f6 40. e5 dxe5+ 41. fxe5 fxe5+ 42. Kxe5 g5 43. Ra6 gxh4 44. gxh4 h5 45. Rh6 Bg4 46. Rh7+ Kd8 47. Kd6 Kc8 48. Rh8+ Kb7 49. Ke7 b4 50. Rf8 b3 51. Rf4 Kb6 52. Rb4+ Kc5 53. Rxb3 Kxd5 54. Re3 Kd4 55. Re1 Bf3 56. Kf6 Bg4 57. Rg1 Be2 58. Re1 Bf3 59. Kg5 Bg4 60. Re8 Bf3 61. Kf4 Bg4 62. Re5 Bd1 63. Ra5 Bg4 64. Kg5 Be2 65. Kg6 Ke4 66. Rf5 Bg4 67. Ra5 Kf4 68. Ra4+ Ke5 69. Kg5 Bf3 70. Ra3 Ke4 71. Ra4+ Ke5 72. Ra3 Bg4 73. Ra6 Ke4 74. Rh6 Ke5 75. Rh8 Ke6 76. Rh7 Ke5 77. Rg7 Ke6 78. Rh7 Bf3 79. Rg7 Bg4 80. Kh6 Bf3 81. Rg6+ Kf7 82. Rg8 Bg4 83. Rg5 Kf6 84. Ra5 Ke6 85. Ra6+ Ke7 86. Kg7 Bf3 87. Ra5 Bg4 88. Re5+ Kd6 89. Kf6 Kd7 90. Re1 Bf3 91. Kf7 Bd5+ 92. Kg6 Bf3 93. Rf1 Bg4 94. Re1 Kd6 95. Re8 Kd7 96. Re5 Kd6 97. Re3 Kd7 98. Kf7 Kd6 99. Kf6 Kd7 100. Rd3+ Ke8 101. Rd5 Bf3 102. Rd4 Bg4 103. Kg7 Ke7 1/2-1/2


[Site "https://www.chess.com"]

[Event "Titled Tuesday Blitz August 23 Late 2022"]
[White "Bluebaum, Matthias"]
[Black "Danielyan, Vahe"]
[WhiteFideId "24651516"]
[BlackFideId "13304828"]
[WhiteElo "2603"]
[BlackElo "2421"]
[Result "1-0"]
[Round "04"]
[TimeControl "180+1"]
[Date "2022.08.23"]
[WhiteClock "0:00:36"]
[BlackClock "0:00:28"]

1. d4 Nf6 2. c4 g6 3. Nc3 Bg7 4. e4 d6 5. Nf3 O-O 6. Be2 e5 7. Be3 Qe8 8. dxe5 Ng4 9. Bg5 Nxe5 10. Nd4 Nbc6 11. Ndb5 f6 12. Be3 Qf7 13. Nd5 f5 14. Nbxc7 Rb8 15. Nb5 Be6 16. Nxd6 Qd7 17. exf5 gxf5 18. Nf4 Rbd8 19. c5 Kh8 20. O-O Bg8 21. Qc2 Ng4 22. Bxg4 fxg4 23. Rad1 Ne5 24. Nh5 Nf3+ 25. Kh1 Be5 26. Nc4 Qf7 27. Nxe5 Qxh5 28. Nxf3 gxf3 29. Qc3+ 1-0


[Site "https://www.chess.com"]

[Event "Titled Tuesday Blitz August 23 Late 2022"]
[White "Bok, Benjamin"]
[Black "Bacrot, Etienne"]
[WhiteFideId "1017063"]
[BlackFideId "605506"]
[WhiteElo "2658"]
[BlackElo "2673"]
[Result "1/2-1/2"]
[Round "04"]
[TimeControl "180+1"]
[Date "2022.08.23"]
[WhiteClock "0:00:15"]
[BlackClock "0:00:35"]

1. d4 Nf6 2. c4 c6 3. Nf3 d5 4. cxd5 cxd5 5. Nc3 Nc6 6. Bf4 Bf5 7. e3 e6 8. Qb3 Bb4 9. Bb5 Bxc3+ 10. Qxc3 O-O 11. Bxc6 Rc8 12. Ne5 Ng4 13. Nxg4 Bxg4 14. Qb4 Rxc6 15. Qxb7 Qc8 16. Qxc8 Rfxc8 17. O-O a5 18. b3 f6 19. h3 Bf5 20. Rfd1 h5 21. h4 Kf7 22. Rd2 Rc1+ 23. Rxc1 Rxc1+ 24. Kh2 Rc2 25. Rxc2 Bxc2 26. Bc7 Bb1 27. a3 Bc2 28. Bxa5 Bxb3 29. Kg3 Ba4 30. Bb4 Bb5 31. f3 Ba4 32. Bd6 Bb5 33. Kf2 Ke8 34. e4 Bc6 35. e5 f5 36. Ke3 g6 37. g3 Bb5 38. Bb4 Ba4 39. Kd2 Kd7 40. Bf8 Bb5 41. Kc3 Kc6 42. Kd2 Kd7 43. Ke3 Ke8 44. Bc5 Ba4 45. Kf4 Bd1 46. Ke3 Ba4 47. Bd6 Kd7 48. Kf4 Ke8 49. g4 fxg4 50. fxg4 Bd1 51. gxh5 gxh5 52. Kg5 Kd7 53. Kf6 Bg4 54. Bc5 Kc6 55. a4 Kb7 56. a5 Ka6 57. Bb6 Kb5 58. Ke7 Ka6 59. Kd6 Bf5 60. Kc7 Bg4 61. Kc6 Bf5 62. Bd8 Bg4 63. Kc5 Bf5 64. Kb4 Bg4 65. Bb6 Bf5 66. Kc3 Bg4 67. Kd2 Bf5 68. Ke3 Bg4 69. Kf4 Kb5 70. Kg5 Ka6 71. Kg6 Kb7 72. Kg5 Ka6 73. Kf6 Kb7 74. Bc5 Ka6 75. Bb4 Kb7 76. Be1 Ka6 77. Ke7 Kb7 78. Kd6 Ka6 79. Kc5 Bf5 80. Kd6 Bg4 81. Ke7 Bf5 82. Kf6 Bg4 83. Kg5 1/2-1/2


[Site "https://www.chess.com"]

[Event "Titled Tuesday Blitz August 23 Late 2022"]
[White "Bortnyk, Olexandr"]
[Black "Melkumyan, Hrant"]
[WhiteFideId "14120828"]
[BlackFideId "13302485"]
[WhiteElo "2723"]
[BlackElo "2604"]
[Result "1-0"]
[Round "04"]
[TimeControl "180+1"]
[Date "2022.08.23"]
[WhiteClock "0:00:04"]
[BlackClock "0:00:03"]

1. d4 d5 2. Nc3 Nf6 3. Bf4 Bf5 4. e3 e6 5. Nf3 Bd6 6. Ne5 a6 7. g4 Be4 8. f3 Bg6 9. h4 h6 10. Nxg6 fxg6 11. Bd3 Kf7 12. Qd2 Nc6 13. O-O-O Bxf4 14. exf4 Qd6 15. Qe3 Raf8 16. a3 Nd7 17. Rde1 Re8 18. Rhg1 Nf8 19. h5 Ke7 20. hxg6 Kd8 21. Kb1 Nd7 22. Rh1 Rhf8 23. Ne2 Nb6 24. Qd2 Kc8 25. Rh5 Kb8 26. Reh1 Ka7 27. g5 hxg5 28. Rxg5 Ne7 29. Rh7 Nf5 30. Qb4 Qd7 31. b3 Rf6 32. a4 Ref8 33. a5 Nc8 34. Bxf5 Rxf5 35. Rxf5 Rxf5 36. Ng3 Rf6 37. f5 exf5 38. Nh5 Rxg6 39. Nf4 Rg1+ 40. Kb2 c6 41. Qc5+ Kb8 42. Rh8 Re1 43. Nd3 Re8 44. Ne5 Qe6 45. Rh7 Qd6 46. Qxd6+ Nxd6 47. Rxg7 Rh8 48. Rg6 Nb5 49. Nd7+ Ka8 50. Nc5 Nxd4 51. Rg7 Rh2 52. Nxb7 Rxc2+ 53. Kb1 Rc3 54. b4 Rb3+ 55. Ka2 Rxb4 56. Nc5 Rb5 57. Rg8+ Ka7 58. Rg7+ Ka8 59. Rg8+ Ka7 60. Rg7+ Kb8 61. Nxa6+ Kc8 62. Rc7+ Kd8 63. Ra7 Rxa5+ 64. Kb2 Nb5 65. Ra8+ Ke7 66. Kb3 f4 67. Kb4 Ra1 68. Kc5 Rc1+ 69. Kb6 d4 70. Nb4 d3 71. Nxd3 Rc4 72. Ne5 Rc1 73. Nxc6+ Kd7 74. Rd8+ Ke6 75. Kxb5 Rc3 76. Rd1 Kf6 77. Rf1 Rd3 78. Kc4 Re3 79. Nb4 Ke5 80. Nd3+ Kf5 81. Kd4 Re8 82. Rh1 Re3 83. Rh5+ Kf6 84. Ne5 Ra3 85. Ke4 Ra4+ 86. Kd5 Ra5+ 87. Kd4 Ra4+ 88. Nc4 Kg6 89. Re5 Kf6 90. Rc5 Ra1 91. Ke4 Rd1 92. Kxf4 Rd4+ 93. Ke3 Rd8 94. Nd2 Ra8 95. Ne4+ Ke6 96. Kf4 Rf8+ 97. Kg4 Ra8 98. Rg5 Ra4 99. Kf4 Kf7 100. Re5 Kg6 101. Re6+ Kf7 102. Kf5 Ra5+ 103. Re5 Ra6 104. Ng5+ Kg7 105. f4 Rf6+ 106. Kg4 Ra6 107. Re6 Ra5 108. f5 Ra4+ 109. Re4 Ra1 110. Re7+ Kf6 111. Rf7+ Ke5 112. Nf3+ Kd6 113. Rf6+ Ke7 114. Re6+ Kf7 115. Ne5+ Kg7 116. f6+ Kh7 117. f7 Rg1+ 118. Kf5 Rf1+ 119. Ke4 Re1+ 120. Kd5 Rd1+ 121. Kc6 1-0


[Site "https://www.chess.com"]

[Event "Titled Tuesday Blitz August 23 Late 2022"]
[White "Chigaev, Maksim"]
[Black "Carlsen, Magnus"]
[WhiteFideId "4108116"]
[BlackFideId "1503014"]
[WhiteElo "2487"]
[BlackElo "2830"]
[Result "0-1"]
[Round "04"]
[TimeControl "180+1"]
[Date "2022.08.23"]
[WhiteClock "0:00:07"]
[BlackClock "0:00:31"]

1. e4 g6 2. d4 d6 3. Nc3 c6 4. h4 Nf6 5. Be2 h5 6. Bg5 Bg7 7. Qd2 b5 8. f3 Nbd7 9. Nh3 b4 10. Nd1 c5 11. c3 Rb8 12. Ne3 O-O 13. Nf2 bxc3 14. bxc3 cxd4 15. cxd4 Nh7 16. g4 Nxg5 17. hxg5 h4 18. Rxh4 e5 19. Nd5 Bb7 20. Bc4 Rc8 21. Bb3 exd4 22. Nd3 Bxd5 23. Bxd5 Rc3 24. Kf2 Rxd3 25. Qxd3 Qxg5 26. Rah1 Ne5 27. Qd1 Rc8 28. Kg2 Qf4 29. R4h3 Rc3 30. Qa4 Qd2+ 0-1


[Site "https://www.chess.com"]

[Event "Titled Tuesday Blitz August 23 Late 2022"]
[White "Claverie, Christophe"]
[Black "Harvey, Marcus R"]
[WhiteFideId "605514"]
[BlackFideId "400092"]
[WhiteElo "2300"]
[BlackElo "2485"]
[Result "0-1"]
[Round "04"]
[TimeControl "180+1"]
[Date "2022.08.23"]
[WhiteClock "0:00:39"]
[BlackClock "0:00:06"]

1. d4 f5 2. e4 fxe4 3. Nc3 Nf6 4. Bg5 c6 5. d5 Qa5 6. Bxf6 exf6 7. a3 d6 8. b4 Qd8 9. Nxe4 a5 10. Rb1 axb4 11. axb4 f5 12. Ng3 g6 13. h4 Bg7 14. Bd3 cxd5 15. h5 Nc6 16. N1e2 Ne5 17. Nf4 O-O 18. hxg6 hxg6 19. Nxd5 Be6 20. Nf4 Ba2 21. Rc1 Re8 22. Kf1 Bf7 23. Bb5 Qb6 24. Bxe8 Rxe8 25. Kg1 Ng4 26. Qf3 Nxf2 27. Kh2 Ng4+ 28. Kh3 Nf2+ 29. Kh2 Ng4+ 30. Kh3 Re3 31. Qf1 g5 32. Nd5 Bxd5 33. Qxf5 Rxg3+ 34. Kxg3 Qe3+ 35. Kxg4 Be6 36. Rhf1 Qe4+ 37. Kxg5 Bxf5 38. Rxf5 Bh6+ 39. Kg6 Bxc1 40. g4 Qe8+ 41. Kf6 Bb2+ 42. Kg5 Kg7 43. c4 Bc1+ 44. Kh4 Qe3 45. c5 Bd2 46. g5 Be1+ 47. Kh5 Qh3# 0-1


[Site "https://www.chess.com"]

[Event "Titled Tuesday Blitz August 23 Late 2022"]
[White "Deac, Bogdan-Daniel"]
[Black "Korchmar, Vasiliy"]
[WhiteFideId "1226380"]
[BlackFideId "24131750"]
[WhiteElo "2648"]
[BlackElo "2370"]
[Result "1-0"]
[Round "04"]
[TimeControl "180+1"]
[Date "2022.08.23"]
[WhiteClock "0:00:06"]
[BlackClock "0:00:02"]

1. d4 d5 2. c4 c6 3. Nf3 Nf6 4. Nc3 e6 5. g3 dxc4 6. Bg2 Nbd7 7. a4 a5 8. O-O Bb4 9. Qc2 O-O 10. e4 h6 11. Rd1 b6 12. e5 Nd5 13. Ne4 Ba6 14. Neg5 hxg5 15. Nxg5 f5 16. Nxe6 Qe7 17. Nf4 Nxf4 18. Bxf4 Rac8 19. h4 Kh8 20. Qe2 Nf6 21. d5 cxd5 22. Rxd5 Bb7 23. Bg5 Qe8 24. Bxf6 Bxd5 25. Bxd5 Rxf6 26. Qe3 Bc5 27. Qf4 Rg6 28. Qxf5 Rxg3+ 29. Kf1 Rd3 30. Be4 g6 31. Qf6+ Kh7 32. h5 Rd2 33. Bxg6+ Kg8 34. Bxe8 Rxf2+ 35. Qxf2 Bxf2 36. Kxf2 Rxe8 37. Re1 Kf7 38. Re4 Ke6 39. Rxc4 Kxe5 40. Rc6 Rh8 41. h6 1-0


[Site "https://www.chess.com"]